 Dungeon Sprint DCSS version 0.27-a0-1200-g94dc6ad4cf (webtiles) character file.

Game seed: 16567055156925890466

10754 night the Brawler (level 11, -3/120 HPs)
             Began as a Troll Monk on May 31, 2021.
             Was the Champion of Qazlal.
             Killed from afar by a crystal guardian (9 damage)
             ... with a crystal bolt
             ... in the Dungeon (Sprint V: "Ziggurat Sprint").
             The game lasted 00:07:13 (628 turns).

night the Brawler (Troll Monk)                       Turns: 628, Time: 00:07:13

Health: -3/120     AC: 19    Str: 36    XL:     11   Next: 40%
Magic:  0/19       EV:  0    Int:  6    God:    Qazlal [******]
Gold:   0          SH: 39    Dex: 16    Spells: 10/10 levels left

rFire    + . .     SeeInvis .     - Unarmed
rCold    + + .     Faith    .   G - +18 shield of the Gong {rElec rN+ Will+ EV-5}
rNeg     + . .     Spirit   +   h - +5 gold dragon scales
rPois    +         Reflect  .   (helmet restricted)
rElec    +         Harm     .   (no cloak)
rCorr    .         Rampage  .   (gloves unavailable)
Will     +....     NoTele   +   (boots unavailable)
Stlth    ..........             R - amulet "Sailalop" {Spirit Dex+4}
HPRegen  1.30/turn              C - +6 ring of strength
MPRegen  0.16/turn              D - +6 ring of strength

@: protected from cold, repel missiles
A: large, unfitting armour, claws 3, regeneration 1, shaggy fur 1, tough skin 1
a: Renounce Religion, Upheaval, Elemental Force, Disaster Area


You were in the Dungeon.
You worshipped Qazlal.
Qazlal was exalted by your worship.
You visited 1 branch

Inventory:

Hand Weapons
 F - the +6 Majin-Bo {vamp, MP+6 Int+6}
   (You found it in the Dungeon)

   It inflicts no extra harm, but heals its wielder when it wounds a living foe.
   It affects your intelligence (+6).
   It affects your magic capacity (+6).
 H - the +7 Singing Sword {vorpal, sonic wave}
   (You found it in the Dungeon)

   It inflicts extra damage upon your enemies.
 L - the +8 mithril axe "Arga" {speed, Will+}
   (You found it in the Dungeon)

   Attacks with this weapon are significantly faster.
   It increases your willpower.
Missiles
 Q - 3 throwing nets (quivered)
Armour
 a - a +0 robe
 h - +5 gold dragon scales (worn)
 i - a +3 kite shield
 j - a +3 tower shield
 G - the +18 shield of the Gong (worn) {rElec rN+ Will+ EV-5}
   (You found it in the Dungeon)

   It affects your evasion (-5).
   It insulates you from electricity.
   It protects you from negative energy.
   It increases your willpower.
Magical Staves
 M - a staff of fire
Jewellery
 n - the ring of the Prince {rPois Int+8 Slay-3}
   (You found it in the Dungeon)

   [ring of poison resistance]

   It affects your intelligence (+8).
   It affects your accuracy and damage with ranged weapons and melee attacks
   (-3).
   It protects you from poison.
 x - a ring of flight
 y - a +6 ring of dexterity
 z - a +6 ring of dexterity
 A - a +6 ring of intelligence
 B - a +6 ring of intelligence
 C - a +6 ring of strength (left claw)
 D - a +6 ring of strength (right claw)
 J - the ring of Qocluat {rElec Int+6 Slay+2}
   (You found it in the Dungeon)

   [ring of intelligence]

   It affects your intelligence (+6).
   It affects your accuracy and damage with ranged weapons and melee attacks
   (+2).
   It insulates you from electricity.
 O - the ring of the Camelopard {rCorr Dex+3}
   (You found it in the Dungeon)

   [ring of resist corrosion]

   It affects your dexterity (+3).
   It protects you from acid and corrosion.
 R - the amulet "Sailalop" (around neck) {Spirit Dex+4}
   (You found it in the Dungeon)

   [amulet of guardian spirit]

   It causes incoming damage to be divided between your reserves of health and
   magic.
   It affects your dexterity (+4).
Wands
 u - a wand of mindburst (7)
 v - a wand of iceblast (7)
 w - a wand of acid (6)
Scrolls
 g - 4 scrolls of blinking
 p - 4 scrolls of amnesia
 q - 7 scrolls of fog
 r - a scroll of holy word
 s - 5 scrolls of identify
 t - 2 scrolls of fear
 P - a scroll of brand weapon
Potions
 b - 10 potions of curing
 c - 5 potions of heal wounds
 d - 5 potions of haste
 e - 7 potions of magic
 f - 3 potions of berserk rage
 k - 2 potions of brilliance
 l - 2 potions of invisibility
 m - 4 potions of resistance
 o - 5 potions of might
Miscellaneous
 E - a lightning rod (4/4)
 I - a phantom mirror
 K - a tin of tremorstones (2/2)
 N - a condenser vane


   Skills:
 + Level 11.2 Fighting
 - Level 2.4 Dodging
 - Level 1.0 Stealth
 - Level 9.0 Shields
 * Level 18.1 Unarmed Combat
 + Level 12.3 Invocations


You had 10 spell levels left.
You didn't know any spells.
Your spell library contained the following spells:

 Spells                   Type           Power      Damage    Failure   Level
 Corona                   Hex            0%         N/A       100%        1
 Foxfire                  Conj/Fire      0%         2x1d4     100%        1
 Magic Dart               Conj           0%         1d3       100%        1
 Sandblast                Erth           0%         2d4       100%        1
 Shock                    Conj/Air       0%         1d3       100%        1
 Sting                    Tmut/Pois      0%         1d3       100%        1
 Blink                    Tloc           N/A        N/A       100%        2
 Call Imp                 Summ           0%         N/A       100%        2
 Corpse Rot               Necr/Air       N/A        N/A       100%        2
 Ensorcelled Hibernation  Hex/Ice        0%         N/A       100%        2
 Passwall                 Tmut/Erth      0%         N/A       100%        2
 Searing Ray              Conj           0%         3d3       100%        2
 Slow                     Hex            0%         N/A       100%        2
 Sublimation of Blood     Necr           0%         N/A       100%        2
 Confusing Touch          Hex            0%         N/A       100%        3
 Conjure Flame            Conj/Fire      0%         6-21      100%        3
 Dazzling Flash           Conj/Hex       0%         N/A       100%        3
 Gell's Gravitas          Tloc           0%         N/A       100%        3
 Ignite Poison            Fire/Tmut/Pois 0%         N/A       100%        3
 Inner Flame              Hex/Fire       0%         N/A       100%        3
 Lesser Beckoning         Tloc           0%         N/A       100%        3
 Mephitic Cloud           Conj/Pois/Air  0%         N/A       100%        3
 Portal Projectile        Hex/Tloc       0%         N/A       100%        3
 Stone Arrow              Conj/Erth      0%         3d7       100%        3
 Teleport Other           Tloc           0%         N/A       100%        3
 Tukima's Dance           Hex            0%         N/A       100%        3
 Airstrike                Air            0%         N/A       100%        4
 Animate Armour           Summ/Erth      0%         N/A       100%        4
 Cause Fear               Hex            0%         N/A       100%        4
 Fulminant Prism          Conj/Hex       0%         3d6       100%        4
 Iskenderun's Mystic Bla  Conj/Tloc      0%         2d3       100%        4
 Leda's Liquefaction      Hex/Erth       0%         N/A       100%        4
 Petrify                  Tmut/Erth      0%         N/A       100%        4
 Alistair's Intoxication  Tmut/Pois      0%         N/A       100%        5
 Borgnjor's Vile Clutch   Necr/Erth      0%         N/A       100%        5
 Hydra Form               Tmut           0%         N/A       100%        5
 Irradiate                Conj/Tmut      0%         3d14      100%        5
 Lee's Rapid Deconstruct  Erth           0%         3d5*      100%        5
 Manifold Assault         Tloc           0%         N/A       100%        5
 Silence                  Hex/Air        0%         N/A       100%        5
 Summon Forest            Summ/Tloc      0%         N/A       100%        5
 Conjure Ball Lightning   Conj/Air       0%         3x3d6     100%        6
 Eringya's Noxious Bog    Tmut/Pois      0%         N/A       100%        6
 Freezing Cloud           Conj/Ice/Air   0%         6-21      100%        6
 Iron Shot                Conj/Erth      0%         9d1       100%        6
 Shadow Creatures         Summ           N/A        N/A       100%        6
 Dragon Form              Tmut           0%         N/A       100%        7
 Summon Hydra             Summ           0%         N/A       100%        7
 Dragon's Call            Summ           0%         N/A       100%        9
 Shatter                  Erth           0%         3d5*      100%        9


Dungeon Overview and Level Annotations

Branches:
Dungeon (1/1)

Altars:
Ashenzari
Cheibriados
Dithmenos
Elyvilon
Fedhas
Gozag
Hepliaklqana
Kikubaaqudgha
Makhleb
Nemelex Xobeh
Okawaru
Qazlal
Ru
Sif Muna
Trog
Uskayaw
Vehumet
Wu Jian
Xom
Yredelemnul
Zin
The Shining One
Beogh
Jiyva
Lugonu


Innate Abilities, Weirdness & Mutations

You are too large for most types of armour.
You have claws for hands.
Your natural rate of healing is unusually fast.
You are covered in fur. (AC +1)
You have tough skin. (AC +1)


Message History

The quicksilver dragon is almost dead.
The quicksilver dragon is engulfed in noxious fumes.
The quicksilver dragon appears confused.
You block the crystal guardian's attack.
BONNNG!
You block the crystal guardian's attack.
GONNNNG!
The quicksilver dragon is engulfed in noxious fumes.
The quicksilver dragon appears confused.
You block the quicksilver dragon's attack.
PTOANNNG!
You block the quicksilver dragon's attack.
BOUMMMMG!
You mangle the quicksilver dragon!!
You kill the quicksilver dragon!
Qazlal accepts your kill.
You block the crystal guardian's attack.
BOUMMMMG!
The quicksilver dragon is engulfed in noxious fumes.
The quicksilver dragon bites the earth elemental.
The quicksilver dragon claws the earth elemental!
The earth elemental is destroyed!
Qazlal accepts your kill.
Your Fighting skill increases to level 11!
Your Unarmed Combat skill increases to level 18!
Your Invocations skill increases to level 12!
You mangle the quicksilver dragon!!
The quicksilver dragon is severely wounded.
The crystal guardian fires a crystalline bolt at you.
The crystal bolt burns you! You resist.
* * * LOW HITPOINT WARNING * * *
The crystal guardian fires a crystalline bolt at you.
The crystal bolt freezes the crystal guardian.
The crystal guardian completely resists.
The crystal bolt freezes you! You resist.
Your resistance to physical damage fades away.
You feel protected from cold.
* * * LOW HITPOINT WARNING * * *
The crystal bolt freezes you! You resist.
You die...

▓..).)}).
▓..):[)?..▓...}||}.
▓.........▓........
▓.........▓........
▓..§§☼°...▓....))).
▓§..☼☼☼...▓...)))..
▓8.○☼☼○...▓........
▓8▓8.☼..▓.▓....©...
▓○@D9§....▓▓▓▓▓▓▓▓▓
▓▓▓▓▓▓▓▓▓▓▓


You could see a quicksilver dragon (confused), 3 crystal guardians and a
gargoyle.

Vanquished Creatures
  2 quicksilver dragons (D)
  An iron golem (D)
  4 spriggans (D)
  2 sixfirhies (D)
  A cane toad (D)
  2 jumping spiders (D)
  8 merfolk (D)
  3 hornets (D)
  A blink frog (D)
  A wind drake (D)
  A hell hound (D)
  2 black bears (D)
  2 wolves (D)
  3 bullfrogs (D)
  3 scorpions (D)
  An earth elemental (D)
  4 crimson imps (D)
  2 quasits (D)
  An orc priest (D)
  3 iguanas (D)
  2 orc wizards (D)
  A river rat (D)
  3 shadow imps (D)
  A white imp (D)
  2 ufetubi (D)
  An adder zombie (D)
  2 jackals (D)
  2 ball python zombies (D)
61 creatures vanquished.

Notes
Turn   | Place    | Note
-------+----------+-------------------------------------------
     0 | D        | night the Troll Monk began the quest for the Orb.
     0 | D        | Reached XP level 1. HP: 22/22 MP: 0/0
     2 | D        | Banished a spatial maelstrom
    12 | D        | Found a blossoming altar of Fedhas.
    13 | D        | Found the +6 Majin-Bo {vamp, MP+6 Int+6}
    13 | D        | Found the +9 heavy crossbow "Sniper" {vorpal, Acc+∞ SInv}
    13 | D        | Found the +10 dark maul {vorpal}
    13 | D        | Found the +15 Maxwell's patent armour {-Cast -Tele rElec
                  | Will+ rCorr}
    13 | D        | Found the +18 shield of the Gong {rElec rN+ Will+ EV-5}
    13 | D        | Found the +14 obsidian axe {vorpal, Drain Fly SInv}
    13 | D        | Found the +7 great mace "Firestarter" {inner flame, rF++}
    13 | D        | Found the +6 shillelagh "Devastator" {shatter}
    13 | D        | Found the +11 plutonium sword {Contam Stlth-}
    13 | D        | Found the +8 lance "Wyrmbane" {slay drac, rPois rF+ rC+
                  | AC+3}
    13 | D        | Found the +9 sword of Zonguldrok {reap}
    13 | D        | Found the +13 scythe of Curses {drain, Drain}
    13 | D        | Found the +5 sword of Power {vorpal}
    13 | D        | Found the +7 mace of Variability {chain chaos}
    13 | D        | Found the +7 Singing Sword {vorpal, sonic wave}
    13 | D        | Found the +8 storm bow {elec, penet}
    21 | D        | Found a shimmering blue altar of Sif Muna.
    21 | D        | Found a sacrificial altar of Ru.
    21 | D        | Found a bloodstained altar of Trog.
    21 | D        | Found a stormy altar of Qazlal.
    21 | D        | Found an iron altar of Okawaru.
    21 | D        | Found a sparkling altar of Nemelex Xobeh.
    23 | D        | Found a transporter.
    23 | D        | Found an ancient bone altar of Kikubaaqudgha.
    23 | D        | Found a viscous altar of Jiyva.
    23 | D        | Found a corrupted altar of Lugonu.
    23 | D        | Found a hazy altar of Hepliaklqana.
    23 | D        | Found a burning altar of Makhleb.
    23 | D        | Found an opulent altar of Gozag.
   103 | D        | Became a worshipper of Qazlal Stormbringer
   103 | D        | Reached * piety under Qazlal
   103 | D        | Reached ** piety under Qazlal
   124 | D        | Reached skill level 6 in Unarmed Combat
   124 | D        | Reached XP level 2. HP: 29/29 MP: 0/3
   127 | D        | Entered arena 2.
   127 | D        | Noticed a bullfrog
   127 | D        | Found a transporter.
   129 | D        | Killed a bullfrog
   130 | D        | Reached skill level 1 in Shields
   130 | D        | Reached skill level 7 in Unarmed Combat
   130 | D        | Reached XP level 3. HP: 37/37 MP: 0/5
   130 | D        | Reached XP level 4. HP: 45/45 MP: 0/6
   134 | D        | Reached skill level 2 in Shields
   134 | D        | Reached skill level 8 in Unarmed Combat
   138 | D        | Got the ring of the Prince {rPois Int+8 Slay-3}
   144 | D        | Entered arena 3.
   144 | D        | Found a transporter.
   145 | D        | Identified the +6 quarterstaff of Fedhas's Outrage {drain,
                  | rElec Will+}
   145 | D        | Identified the +5 morningstar of the Puffin {antimagic,
                  | rPois Will+ rCorr Stlth-}
   158 | D        | Reached *** piety under Qazlal
   159 | D        | Reached skill level 5 in Invocations
   159 | D        | Reached XP level 5. HP: 27/54 MP: 1/7
   163 | D        | Reached skill level 9 in Unarmed Combat
   220 | D        | Entered arena 4.
   220 | D        | Found a transporter.
   235 | D        | Reached **** piety under Qazlal
   250 | D        | Entered arena 5.
   250 | D        | Found a transporter.
   262 | D        | Reached ***** piety under Qazlal
   263 | D        | Reached skill level 10 in Unarmed Combat
   263 | D        | Reached XP level 6. HP: 65/65 MP: 9/9
   268 | D        | Reached skill level 5 in Fighting
   273 | D        | Got the Almanac of Dusty Feathers
   281 | D        | Entered arena 6.
   281 | D        | Noticed a jumping spider
   281 | D        | Noticed a jumping spider
   281 | D        | Found a transporter.
   287 | D        | Killed a jumping spider
   288 | D        | Reached XP level 7. HP: 74/74 MP: 9/11
   295 | D        | Reached skill level 5 in Shields
   295 | D        | Reached skill level 11 in Unarmed Combat
   304 | D        | Killed a jumping spider
   311 | D        | Got the ring of Qocluat {rElec Int+6 Slay+2}
   313 | D        | Got Ampo's Incunabulum of Stones and Transmigration
   318 | D        | Entered arena 7.
   319 | D        | Found the +8 mithril axe "Arga" {speed, Will+}
   327 | D        | Reached skill level 12 in Unarmed Combat
   327 | D        | Reached XP level 8. HP: 84/84 MP: 12/12
   327 | D        | Reached ****** piety under Qazlal
   337 | D        | Found a transporter.
   361 | D        | Entered arena 8.
   361 | D        | Noticed a cane toad
   361 | D        | Noticed a blink frog
   362 | D        | Found a transporter.
   365 | D        | Killed a blink frog
   369 | D        | Killed a cane toad
   370 | D        | Reached skill level 13 in Unarmed Combat
   378 | D        | Got the Papyrus of Earth and the Birds
   382 | D        | Got the ring "Sacs" {*Slow rElec Str-4 Int+8 Slay+4}
   392 | D        | Entered arena 9.
   392 | D        | Noticed a spriggan rider
   392 | D        | Noticed a spriggan rider
   392 | D        | Noticed a spriggan rider
   393 | D        | Found a transporter.
   401 | D        | Killed a spriggan rider
   401 | D        | Killed a hornet
   402 | D        | Reached skill level 14 in Unarmed Combat
   402 | D        | Reached XP level 9. HP: 90/96 MP: 13/15
   428 | D        | Got the ring of the Camelopard {rCorr Dex+3}
   436 | D        | Entered arena 10.
   436 | D        | Noticed a sixfirhy
   436 | D        | Noticed a sixfirhy
   437 | D        | Killed a sixfirhy
   438 | D        | Reached skill level 15 in Unarmed Combat
   438 | D        | Reached skill level 10 in Invocations
   438 | D        | Reached XP level 10. HP: 107/107 MP: 16/16
   438 | D        | Found a transporter.
   444 | D        | Killed a sixfirhy
   467 | D        | Entered arena 11.
   468 | D        | Identified the +8 flail "Lisiezas" {freeze, Will++ rCorr
                  | Dex-4 SInv}
   468 | D        | Found a transporter.
   482 | D        | Reached skill level 16 in Unarmed Combat
   490 | D        | Reached skill level 10 in Fighting
   591 | D        | Got the amulet "Sailalop" {Spirit Dex+4}
   599 | D        | Entered arena 12.
   599 | D        | Noticed a gargoyle
   599 | D        | Noticed a quicksilver dragon
   599 | D        | Noticed a crystal guardian
   599 | D        | Noticed an iron golem
   599 | D        | Noticed a crystal guardian
   599 | D        | Noticed a crystal guardian
   600 | D        | Noticed a quicksilver dragon
   600 | D        | Noticed a quicksilver dragon
   605 | D        | HP: 13/110 [quicksilver dragon/bolt of dispelling energy
                  | (16)]
   611 | D        | Killed a quicksilver dragon
   612 | D        | Reached skill level 17 in Unarmed Combat
   612 | D        | Reached XP level 11. HP: 53/119 MP: 0/18
   618 | D        | HP: 14/119 [crystal guardian/crystal bolt (6)]
   620 | D        | Killed an iron golem
   621 | D        | HP: 5/119 [quicksilver dragon (10)]
   627 | D        | Killed a quicksilver dragon
   628 | D        | Reached skill level 18 in Unarmed Combat
   628 | D        | Reached skill level 12 in Invocations
   628 | D        | HP: 14/120 [crystal guardian/crystal bolt (7)]
   628 | D        | HP: 6/120 [crystal guardian/crystal bolt (8)]
   628 | D        | Killed from afar by a crystal guardian

Illustrated notes

Levels and vault maps discovered:
D:        sprint_v [room_start, room_1, room_2, room_3, room_4, room_5, room_6,
          room_7, room_8, room_9, room_10, room_11, room_12, room_13, room_14,
          room_15, room_16, room_17, room_18, room_19, room_20, room_21,
          room_22, room_23, room_24, room_25, room_26, room_27]

Skill      XL: |  1  2  3  4  5  6  7  8  9 10 11 |
---------------+----------------------------------+-----
Unarmed Combat | 6 7 8 10 12 14 15 17 18 | 18.1
Invocations    | 3 4 5 6 7 9 10 11 12 | 12.3
Fighting       | 3 4 5 6 8 9 10 11 | 11.2
Shields        | 1 3 4 6 7 8 9 |  9.0
Dodging        | |  2.4
Stealth        | |  1.0

Action                   |  1- 3 |  4- 6 |  7- 9 | 10-12 || total
-------------------------+-------+-------+-------+-------++-------
Melee: Unarmed           |     2 |    43 |    63 |    42 ||   150
Invok: Upheaval          |       |       |       |     4 ||     4
       Disaster Area     |       |       |       |     1 ||     1
Evoke: Condenser vane    |       |       |       |     1 ||     1
       Wand              |       |       |       |     1 ||     1
  Use: Potion            |     1 |       |       |     6 ||     7
Armor: Gold dragon scale |       |    35 |    28 |    22 ||    85
Dodge: Dodged            |       |     2 |     3 |       ||     5
Block: Kite shield       |     2 |    80 |   129 |   110 ||   321

Table legend: (Time is in decaauts)
 A = Elapsed time spent in this place.
 B = Non-inter-level travel time spent in this place.
 C = Inter-level travel time spent in this place.
 D = Time resting spent in this place.
 E = Time spent auto-exploring this place.
 F = Levels seen in this place.
 G = Mean time per level.
                   A        B        C        D        E       F      G
               +--------+--------+--------+--------+--------+-----+--------+
         Total |    605 |    605 |      0 |    136 |      0 |   1 |  605.0 |
       Dungeon |    605 |    605 |      0 |    136 |      0 |   1 |  605.0 |
               +--------+--------+--------+--------+--------+-----+--------+

Top non-repeatable levels by time:
       D: 605 daAuts
